 Dungeon Crawl Stone Soup version 0.28.0-45-g0d030f2227 (webtiles) character file.

Game seed: 7057300666482128625

252 GigaChad the Slasher (level 5, -2/47 HPs)
             Began as a Minotaur Chaos Knight on Apr 11, 2022.
             Was a Plaything of Xom.
             Killed by divine providence
             ... invoked by an orc priest
              (11 damage)
             ... on level 4 of the Dungeon.
             The game lasted 00:06:51 (2042 turns).

GigaChad the Slasher (Minotaur Chaos Knight)        Turns: 2042, Time: 00:06:53

Health: -2/47      AC:  5    Str: 17    XL:     5   Next: 89%
Magic:  4/4        EV: 11    Int:  9    God:    Xom [..*...]
Gold:   107        SH:  0    Dex: 11    Spells: 4/4 levels left

rFire   . . .      SeeInvis .   a - +0 falchion (drain)
rCold   . . .      Faith    .   (no shield)
rNeg    . . .      Spirit   .   l - +0 ring mail
rPois   .          Reflect  .   (helmet restricted)
rElec   .          Harm     .   (no cloak)
rCorr   .          Rampage  .   (no gloves)
Will    .....                   (no boots)
Stlth   +.........              d - amulet of magic regeneration
HPRegen 0.15/turn               (no ring)
MPRegen 0.49/turn               (no ring)

@: no status effects
A: horns 2, retaliatory headbutt
a: Renounce Religion


You were on level 4 of the Dungeon.
You worshipped Xom.
You were a toy of Xom.
You visited 1 branch of the dungeon, and saw 4 of its levels.

You collected 107 gold pieces.

Inventory:

Hand Weapons
 a - a +0 falchion of draining (weapon)
 j - a +0 falchion
Missiles
 g - 40 bolts
 h - 16 arrows
Armour
 b - a +2 leather armour
 l - a +0 ring mail (worn)
Jewellery
 d - an amulet of magic regeneration (around neck)
Scrolls
 c - 2 scrolls of teleportation
 e - 3 scrolls of identify
 f - a scroll of summoning
 i - a scroll of magic mapping
Potions
 k - a potion of lignification {unknown}
 m - a potion of cancellation {unknown}
 n - a potion of curing {unknown}


   Skills:
 + Level 4.9 Fighting
 + Level 6.0 Long Blades
 + Level 3.4 Armour
 + Level 2.7 Dodging
 + Level 0.5 Stealth


You had 4 spell levels left.
You didn't know any spells.
Your spell library was empty.

Dungeon Overview and Level Annotations

Branches:
Dungeon (4/15)
 Temple: D:4-7

Altars:
The Shining One


Innate Abilities, Weirdness & Mutations

You have a pair of horns on your head.
You reflexively headbutt those who attack you in melee.


Message History

You hit the orc priest but do no damage.
You drain the orc priest.
The orc priest is heavily wounded.
The orc priest hits you with a +0 club.
The orc wizard hits you with a +0 dagger.
The orc closely misses you.
You closely miss the orc priest.
The orc priest is heavily wounded.
The orc hits you from afar with a +0 trident.
The orc wizard hits you with a +0 dagger.
The orc hits you but does no damage.
The orc priest looks satisfied for a moment.
The orc wizard hits you with a +0 dagger.
The orc hits you with a +0 trident.
You hit the orc. You drain the orc.
You kill the orc!
The orc hits you with a +0 short sword. The orc priest hits you with a +0 club.
The orc wizard hits you but does no damage.
The orc hits you with a +0 short sword.
The orc priest mumbles some strange prayers to Beogh against you.
Pain shoots through your body!
You see here a +0 trident.
The orc hits you with a +0 short sword.
You closely miss the orc wizard. You headbutt the orc wizard.
The orc wizard is heavily wounded.
The orc hits you but does no damage. The orc wizard barely misses you.
You barely miss the orc wizard.
You headbutt the orc wizard, but do no damage.
The orc wizard is heavily wounded.
The orc hits you with a +0 short sword.
* * * LOW HITPOINT WARNING * * *
The orc wizard barely misses you.
You hit the orc wizard. You drain the orc wizard.
You headbutt the orc wizard, but do no damage.
The orc wizard is almost dead.
The orc hits you with a +0 short sword.
* * * LOW HITPOINT WARNING * * *
The orc priest invokes the aid of Beogh against you.
Beogh smites you!
You die...

******,** *,* *,* *.*
*,* *.## **+** *..#
**,>,** *#.#
**,,,,,** ####.#
**,,,,,,,** ##.##.#
##,,,,,,,,,####..o#.#
.+,,,,,,,,,+....@o..#
##,,,,,,,,,####..o#.#
**,,,,,,,** ##.##.#
**,,,,,** ####.#
**,,,** #.# **+** #.#
*,* #.# #.* #.#
*#####.###**### #.#


You could see an orc priest (drained), an orc wizard (drained) and an orc.

Vanquished Creatures
  A jelly (D:4)
  2 hounds
  Jessica (D:2)
  Natasha (twice) (D:3)
  2 adders
  2 worms (D:2)
  2 dart slugs
  4 orcs
  6 bats
  6 endoplasms
  A giant cockroach (D:2)
  4 goblins
  8 hobgoblins
  3 quokkas
  6 ball pythons
  4 frilled lizards
  2 kobolds (D:2)
  2 rats (D:2)
58 creatures vanquished.

Vanquished Creatures (others)
  A demonic plant (D:2)
  A fungus (D:2)
  3 plants (D:2)
5 creatures vanquished.

Grand Total: 63 creatures vanquished

Notes
Turn   | Place    | Note
-------+----------+-------------------------------------------
     0 | D:1      | GigaChad the Minotaur Chaos Knight began the quest for the
                  | Orb.
     0 | D:1      | Reached XP level 1. HP: 19/19 MP: 0/0
    49 | D:1      | Reached skill level 4 in Long Blades
    65 | D:1      | Reached XP level 2. HP: 20/27 MP: 1/1
   203 | D:1      | XOM: silly message
   538 | D:1      | XOM: cloud trail
   654 | D:2      | Reached XP level 3. HP: 30/33 MP: 2/2
   687 | D:2      | Found a faded altar of an unknown god.
   893 | D:2      | Found a glowing golden altar of the Shining One.
   899 | D:2      | Noticed Jessica
   908 | D:2      | XOM: potion effect (heal wounds)
   914 | D:2      | Killed Jessica
   915 | D:2      | Reached XP level 4. HP: 36/41 MP: 3/3
  1004 | D:2      | Reached skill level 5 in Long Blades
  1170 | D:2      | XOM: cloud trail
  1334 | D:3      | Noticed Natasha
  1341 | D:3      | Killed Natasha
  1342 | D:3      | Reached XP level 5. HP: 35/47 MP: 4/4
  1441 | D:3      | XOM: 1-stop teleportation journey
  1451 | D:3      | XOM: divination: detect items
  1723 | D:3      | Noticed Natasha
  1731 | D:3      | Killed Natasha
  1887 | D:4      | XOM: noise
  1913 | D:4      | Reached skill level 6 in Long Blades
  2030 | D:4      | XOM: confuse monster(s)
  2042 | D:4      | Killed from afar by an orc priest

Illustrated notes

Levels and vault maps discovered:
D:1:      lemuel_arrival_broad_hall, layout_basic
D:2:      layout_rooms, shapermc_ecumenical_altar_gd, basic_altar, st_stairs_6,
          minmay_close_crescents, uniq_jessica
D:3:      layout_loops_cross, uniq_natasha
D:4:      layout_loops_corners, trog_wizard, uniq_crazy_yiuf_cottage

Skill      XL: |  1  2  3  4  5 |
---------------+----------------+-----
Long Blades    | 4 5 6 |  6.0
Fighting       | 4 |  4.9
Armour         | 3 |  3.4
Dodging        | 2 |  2.7
Stealth        | |  0.5

Action                   |  1- 3 |  4- 6 || total
-------------------------+-------+-------++-------
Melee: Falchion          |    82 |    54 ||   136
       Headbutt          |    10 |    15 ||    25
       Punch             |     1 |     1 ||     2
  Use: Scroll            |     3 |     4 ||     7
Armor: Leather armour    |    78 |    14 ||    92
       Ring mail         |       |     3 ||     3
Dodge: Dodged            |    68 |    34 ||   102
